AoeStats
← timmywang50301

Arena

510108991Analyzed
1v1 RM · 1d ago on Sep 29, 2026· 55m 36s· 2 players
Game mode
Random Map
Map size
Tiny (2 player)
Population
200
Speed
Normal
Resources
Standard
Victory
Conquest
Starting age
Dark Age
Ending age
Imperial Age
RankedLock teamsTeams togetherTeam positionsShared explorationLock speedFull tech treeHidden civsTurbo modeCheats
Victory
Defeat
🇹🇼 Inca · Taiwan
899
+16
🇪🇸 Mongols · Spain
892
-16
Ortegasmo 14
8:53 Loom
10:39 Feudal Age
13:45 Wheelbarrow
13:40 Double-Bit Axe
13:47 Horse Collar
16:20 Castle Age
15:17 Gold Mining
16:10 Forging
18:25 Husbandry
19:32 Light Cavalry
24:59 Hand Cart
29:33 Imperial Age
26:50 Town Watch
28:05 Ballistics
27:37 Fletching
27:48 Padded Archer Armor
27:53 Scale Barding Armor
28:04 Heavy Plow
28:28 Bow Saw
28:19 Bodkin Arrow
30:13 Bloodlines
31:06 Conscription
31:08 Drill
32:10 Chemistry
31:16 Bracer
31:38 Chain Barding Armor
33:00 Parthian Tactics
32:45 Capped Ram
34:11 Leather Archer Armor
36:00 Iron Casting
36:05 Thumb Ring
43:34 Blast Furnace
44:06 Onager
45:21 Hussar
timmywang50301
11:17 Feudal Age
15:00 Castle Age
13:21 Double-Bit Axe
13:34 Horse Collar
16:05 Bow Saw
19:12 Squires
21:25 Loom
21:43 Scale Mail Armor
22:24 Heavy Plow
23:54 Stone Mining
24:02 Gold Mining
23:55 Champi Runner
24:54 Chain Mail Armor
29:27 Imperial Age
27:52 Forging
28:24 Pikeman
30:43 Wheelbarrow
31:02 Plate Mail Armor
31:20 Stone Shaft Mining
30:25 Champi Warrior
33:44 Gold Shaft Mining
32:53 Halberdier
34:33 Iron Casting
36:23 Blast Furnace
36:50 Conscription
36:51 Elite Champi Warrior
38:33 Crop Rotation
38:16 Fletching
39:57 Bodkin Arrow
40:03 Padded Archer Armor
41:43 Fabric Shields
42:47 Thumb Ring
43:08 Leather Archer Armor
43:37 Andean Sling
44:17 Hoardings
43:33 Arson
47:29 Elite Kamayuk
47:37 Elite Kamayuk
49:36 Bracer
54:56 Ring Archer Armor
Connection lost

Rejoining the realm…

Still unreachable

The connection could not be restored.

Session expired

The server has moved on; the page needs a fresh start.